 Dungeon Crawl Stone Soup version 0.29-a0-973-gac7da5f7f0 (webtiles) character file.

Game seed: 9438732223093146976

5 zeratav the Stinger (level 1, -1/11 HPs)
             Began as an Octopode Venom Mage on July 31, 2022.
             Slain by a kobold
             ... wielding a +0 short sword
              (4 damage)
             ... on level 1 of the Dungeon.
             The game lasted 00:00:11 (65 turns).

zeratav the Stinger (Octopode Venom Mage)             Turns: 65, Time: 00:00:12

Health: -1/11      AC:  1    Str:  7    XL:     1   Next: 80%
Magic:  0/3        EV: 13    Int: 17    God:
Gold:   0          SH:  0    Dex: 12    Spells: 3/4 levels left

rFire   . . .      SeeInvis .   (no weapon)
rCold   . . .      Faith    .   (no shield)
rNeg    . . .      Spirit   .   (helmet restricted)
rPois   .          Reflect  .   (no amulet)
rElec   .          Harm     .   (no ring)
rCorr   .          Rampage  .   (no ring)
Will    .....                   (no ring)
Stlth   +++.......              (no ring)
HPRegen 0.03/turn               (no ring)
MPRegen 0.08/turn               (no ring)
                                (no ring)
                                (no ring)

@: no status effects
A: almost no armour, amphibious, 8 rings, camouflage 1, gelatinous body 1,
(nimble swimmer 1), tentacles
a: no special abilities


You were on level 1 of the Dungeon.
You visited 1 branch of the dungeon, and saw 1 of its levels.


Innate Abilities, Weirdness & Mutations

You cannot wear most types of armour.
You are amphibious.
You can wear up to eight rings at the same time.
Your skin changes colour to match your surroundings (Stealth+).
Your rubbery body absorbs attacks. (AC +1, EV +1)
((You are camouflaged when in or above water. (Stealth+)))
You have tentacles for arms and can constrict up to eight enemies at once.


   Skills:
 - Level 2.0 Dodging
 + Level 3.1 Stealth
 - Level 2.0 Spellcasting
 - Level 1.0 Transmutations
 + Level 3.9 Poison Magic


You had 3 spell levels left.
You knew the following spells:

 Your Spells              Type           Power      Damage    Failure   Level
a - Sting                 Tmut/Pois      40%        1d5       7%          1

Your spell library contained the following spells:

 Spells                   Type           Power      Damage    Failure   Level
 Poisonous Vapours        Pois/Air       16%        N/A       13%         2
 Mephitic Cloud           Conj/Pois/Air  6%         N/A       34%         3
 Olgreb's Toxic Radiance  Pois           14%        N/A       36%         4

Inventory:

Potions
 a - a potion of magic

Dungeon Overview and Level Annotations

Branches:
Dungeon (1/15) Zot: 5934

Altars:

♣♣♣♣♣♣♣♣♣♣♣♣ ♣♣♣
♣♣...♣♣.....♣.....
♣.♣♣....♣†...♣
♣...♣...@♣♣....♣
♣♣♣.♣.....♣K♣....... ♣♣♣
..♣..♣...♣.......?.
♣♣.♣♣♣♣♣♣.♣...♣..♣♣.♣♣....
♣.♣...♣ ♣♣.♣..♣♣.........#
♣<♣♣♣..♣♣.♣♣......♣♣.....#
♣♣..♣♣♣.♣.♣..♣...♣..♣...K#
♣.♣.♣♣♣.♣♣.♣.♣..♣♣. .♣.
♣.♣♣...♣.♣ . ....


You could see a kobold.


Message History

The sting hits the rat.
The rat is poisoned.
MP[-1]
You lost 1 mp, and now have 2/3 mp.
The sting hits the rat.
The rat looks even sicker.
You kill the rat!
MP[-1]
You lost 1 mp, and now have 1/3 mp.
You can't see any susceptible monsters within range! (Use Z to cast anyway.)
A hobgoblin comes into view.
The hobgoblin shouts!
MP[+2]
Your mp is fully restored (3).
A hobgoblin is nearby!
A rat comes into view.
A giant cockroach comes into view.
The sting hits the hobgoblin.
The hobgoblin is poisoned.
A hobgoblin comes into view.
The hobgoblin barely misses you.
MP[-1]
You lost 1 mp, and now have 2/3 mp.
You miscast Sting.
You are very lightly contaminated with residual magic.
Nothing appears to happen.
The hobgoblin shouts!
You hear a shout!
The hobgoblin misses you.
MP[-1]
You lost 1 mp, and now have 1/3 mp.
You closely miss the hobgoblin. Your grab misses the hobgoblin.
Your squeeze misses the hobgoblin. The hobgoblin closely misses you.
You tentacle-slap the hobgoblin. You grab the hobgoblin.
You constrict the hobgoblin, but do no damage.
The hobgoblin barely misses you.
You tentacle-slap the hobgoblin but do no damage.
You constrict the hobgoblin, but do no damage.
The giant cockroach bites you but does no damage.
The hobgoblin hits you.
HP[-1]
You take 1 damage, and now have 10/11 hp.
You tentacle-slap the hobgoblin but do no damage.
You constrict the hobgoblin, but do no damage.
The giant cockroach closely misses you. The hobgoblin misses you.
A kobold comes into view. It is wielding a +0 club.
You release your grip on the hobgoblin.
You kill the hobgoblin!
The giant cockroach closely misses you. The giant cockroach bites you.
The rat completely misses you.
Your magical contamination has completely faded away.
HP[-2]
You take 2 damage, and now have 8/11 hp.
You tentacle-slap the giant cockroach. Your grab misses the giant cockroach.
The giant cockroach bites you.
A kobold comes into view. It is wielding a +0 short sword.
HP[-1]
You take 1 damage, and now have 7/11 hp.
You tentacle-slap the giant cockroach but do no damage.
Your grab misses the giant cockroach.
Your squeeze misses the giant cockroach.
The giant cockroach barely misses you.
You tentacle-slap the giant cockroach but do no damage.
You grab the giant cockroach. You constrict the giant cockroach.
The giant cockroach bites you.
* * * LOW HITPOINT WARNING * * *
The giant cockroach barely misses you.
HP[-2]
You take 2 damage, and now have 5/11 hp.
You tentacle-slap the giant cockroach.
Your squeeze misses the giant cockroach.
You constrict the giant cockroach, but do no damage.
The giant cockroach bites you.
* * * LOW HITPOINT WARNING * * *
HP[-2] MP[+1]
You take 2 damage, and now have 3/11 hp.
You tentacle-slap the giant cockroach but do no damage.
You squeeze the giant cockroach, but do no damage.
You constrict the giant cockroach.
You kill the giant cockroach!
Your Stealth skill increases to level 3!
Casting: Sting (safe; 8% risk of failure)
Confirm with . or Enter, or press ? or * to list all spells.
Aiming: Sting (safe; 8% risk of failure)
Press: ? - help, Shift-Dir - straight line, f - hobgoblin
Aim: a hobgoblin (68% to hit)
The sting hits the hobgoblin.
The hobgoblin is poisoned.
You kill the hobgoblin!
MP[-1]
You lost 1 mp, and now have 1/3 mp.
Casting: Sting (safe; 7% risk of failure)
Confirm with . or Enter, or press ? or * to list all spells.
Aiming: Sting (safe; 7% risk of failure)
Press: ? - help, Shift-Dir - straight line, f - rat
Aim: a rat (68% to hit)
The sting hits the rat.
The rat is poisoned.
You kill the rat!
MP[-1]
You lost 1 mp, and now have 0/3 mp.
You closely miss the kobold. You grab the kobold.
You squeeze the kobold, but do no damage.
You constrict the kobold.
The kobold hits you with a +0 short sword.
You die...

Skill      XL: |  1 |
---------------+----+-----
Stealth        | 3 |  3.1
Dodging        | |  2.0
Spellcasting   | |  2.0
Transmutations | |  1.0
Poison Magic   | |  3.9

Action                   || total
-------------------------++-------
Melee: Unarmed           ||    10
       Constrict         ||     3
       Tentacles         ||     2
 Cast: Sting             ||     5
Armor: Skin              ||     1
Dodge: Dodged            ||    10

Levels and vault maps discovered:
D:1:      erik_arrival_cave_to_civilisation [erik_arrival_cave_to_hall],
          layout_loops_ring, serial_shops, nicolae_shop_hallway_stairs

Notes
Turn   | Place    | Note
-------+----------+-------------------------------------------
     0 | D:1      | zeratav the Octopode Venom Mage began the quest for the
                  | Orb.
     0 | D:1      | Reached XP level 1. HP: 11/11 MP: 3/3
     0 | D:1      | magus.rc [v1.9.6]
    63 | D:1      | Reached skill level 3 in Stealth
    65 | D:1      | Slain by a kobold

Vanquished Creatures
  A giant cockroach (D:1)
  2 hobgoblins (D:1)
  2 rats (D:1)
5 creatures vanquished.

Table legend:
 A = Non-vault XP
 B = Vault XP
 C = Vault XP percentage of total XP
 D = Non-vault monster count
 E = Vault monster count
 F = Vault count percentage of total count
                 A         B        C        D         E       F
            +---------+---------+-------+---------+---------+-------
      Total |       8 |       0 |   0.0 |       5 |       0 |   0.0
            +---------+---------+-------+---------+---------+-------
        D:1 |       8 |       0 |   0.0 |       5 |       0 |   0.0
            +---------+---------+-------+---------+---------+-------

Illustrated notes

Table legend:
 A = Kills in this place as a percentage of kills in entire the game.
 B = Kills by you in this place as a percentage of kills by you in the entire game.
 C = Kills by friends in this place as a percentage of kills by friends in the entire game.
 D = Other kills in this place as a percentage of other kills in the entire game.
 E = Experience gained in this place as a percentage of experience gained in the entire game.
 F = Experience gained in this place divided by the number of levels of this place that you have seen.
                   A       B       C       D       E      F
               +-------+-------+-------+-------+-------+----------------------
         Total | 100.0 | 100.0 |   N/A |   N/A | 100.0 |   8.0
       Dungeon | 100.0 | 100.0 |   N/A |   N/A | 100.0 |   8.0
               +-------+-------+-------+-------+-------+----------------------

Table legend: (Time is in decaauts)
 A = Elapsed time spent in this place.
 B = Non-inter-level travel time spent in this place.
 C = Inter-level travel time spent in this place.
 D = Time resting spent in this place.
 E = Time spent auto-exploring this place.
 F = Levels seen in this place.
 G = Mean time per level.
                   A        B        C        D        E       F      G
               +--------+--------+--------+--------+--------+-----+--------+
         Total |     65 |     65 |      0 |      0 |     43 |   1 |   65.0 |
       Dungeon |     65 |     65 |      0 |      0 |     43 |   1 |   65.0 |
               +--------+--------+--------+--------+--------+-----+--------+

Top non-repeatable levels by time:
     D:1: 65 daAuts
